 Dungeon Crawl Stone Soup version 0.30-a0-368-g86fb4627a9 (webtiles) character file.

Game seed: 13441091957614904112

135 jimonade the Cutter (level 5, -2/30 HPs)
             Began as a Kobold Brigand on Nov 19, 2022.
             Slain by a howler monkey (3 damage)
             ... on level 3 of the Dungeon.
             The game lasted 00:04:07 (2470 turns).

jimonade the Cutter (Kobold Brigand)                Turns: 2470, Time: 00:04:08

Health: -2/30      AC:  5    Str:  9    XL:     5   Next: 41%
Magic:  5/5        EV: 12    Int: 12    God:
Gold:   107        SH:  0    Dex: 18    Spells: 4/4 levels left

rFire   . . .      SeeInvis +    a - +2 dagger
rCold   . . .      Faith    .    (no shield)
rNeg    . . .      Spirit   .    m - +0 ring mail
rPois   .          Reflect  .    (no helmet)
rElec   .          Harm     .    u - scarf {shadows}
rCorr   .          Rampage  .    (no gloves)
Will    .....                    (no boots)
Stlth   ++++......               (no amulet)
HPRegen 0.25/turn                j - ring of see invisible
MPRegen 0.09/turn                (no ring)

@: no status effects
A: small, no large weapons, nightstalker 3
a: no special abilities


You were on level 3 of the Dungeon.
You visited 1 branch of the dungeon, and saw 3 of its levels.

You collected 107 gold pieces.

Inventory:

Hand Weapons
 a - a +2 dagger (weapon)
 h - a +0 sling
 v - a +2 spectral quarterstaff
Missiles
 d - 9 poisoned darts (quivered)
 e - 3 curare-tipped darts
Armour
 b - a +0 robe
 c - a +0 cloak
 m - a +0 ring mail (worn)
 u - a scarf of shadows (worn)
Jewellery
 i - a ring of magical power
 j - a ring of see invisible (left hand)
 o - a ring of fire
Scrolls
 f - a scroll of noise {unknown}
 k - a scroll of immolation {unknown}
 n - a scroll of enchant armour {unknown}
 q - 3 scrolls of teleportation {unknown}
 s - a scroll of vulnerability {unknown}
 x - a scroll of brand weapon {unknown}
Potions
 g - a potion of attraction {unknown}
 l - a potion of heal wounds {unknown}
 p - 2 potions of lignification {unknown}
 r - a potion of cancellation {unknown}
 t - a potion of magic {unknown}
 w - 2 potions of degeneration {unknown}


   Skills:
 - Level 2.1 Fighting
 + Level 6.9 Short Blades
 - Level 2.1 Throwing
 - Level 1.2 Dodging
 - Level 5.3 Stealth


You had 4 spell levels left.
You didn't know any spells.
Your spell library contained the following spells:

 Spells                   Type           Power      Damage    Failure   Level
 Ensorcelled Hibernation  Hex/Ice        0%         N/A       80%         2
 Passwall                 Tmut/Erth      0%         N/A       80%         2
 Swiftness                Air            0%         N/A       95%         3


Dungeon Overview and Level Annotations

Branches:
Dungeon (3/15)

Altars:
Yredelemnul

Shops:
D:2 =


Innate Abilities, Weirdness & Mutations

You are small and have problems with some larger weapons.
You are completely attuned to the shadows.


Message History

You enter the shallow water.
Moving in this stuff is going to be slow.
A jackal comes into view.
The hound bites you.
* * * LOW HITPOINT WARNING * * *
Why would you want to do that? Why would you want to do that?
The hound attacks as you move away! The hound bites you but does no damage.
The jackal bites you.
* * * LOW HITPOINT WARNING * * *
The jackal splashes around in the water.
You hit the hound.
The hound is moderately wounded.
The hound misses you.
The jackal splashes around in the water.
You closely miss the hound.
The hound is moderately wounded.
The hound bites you but does no damage.
The jackal splashes around in the water.
You barely miss the hound.
The hound is lightly wounded.
The howler monkey hoots and howls with incredible vigour!
The howler monkey barely misses you.
You hear a shout! x2
You hit the jackal but do no damage.
The jackal is lightly wounded.
The jackal barely misses you. x2
You hit the jackal.
The jackal is heavily wounded.
The jackal misses you.
The howler monkey hoots and howls with incredible vigour!
The hound bites you but does no damage. The jackal bites you.
* * * LOW HITPOINT WARNING * * *
You hear a shout! x3
You hit the jackal but do no damage.
The jackal is heavily wounded.
You hear a shout!
The jackal splashes around in the water.
The hound closely misses you. The howler monkey hits you.
You die...

#######################
..†.hhh............P...
....hh@....P...........
~~~~hh≈~≈~≈≈≈~~~≈~≈~~~.
≈~≈~≈≈≈≈≈≈≈≈≈≈≈≈≈≈≈~≈~.
h~~≈≈~~≈~ ~~~~#####≈~.
....... ≈≈. ≈~. ≈~. ≈≈.
~~.


You could see 2 howler monkeys, a hound and 4 jackals.

Vanquished Creatures
  5 adders
  2 worms (D:2)
  4 dart slugs
  8 ball pythons
  8 bats
  6 endoplasms
  4 giant cockroaches
  6 goblins
  8 hobgoblins
  3 jackals (D:3)
  2 kobolds (D:2)
  6 quokkas
  3 frilled lizards
  5 rats
70 creatures vanquished.

Notes
Turn   | Place    | Note
-------+----------+-------------------------------------------
     0 | D:1      | jimonade the Kobold Brigand began the quest for the Orb.
     0 | D:1      | Reached XP level 1. HP: 12/12 MP: 1/1
    65 | D:1      | Reached skill level 3 in Short Blades
    88 | D:1      | Reached XP level 2. HP: 17/17 MP: 2/2
   148 | D:1      | Reached skill level 4 in Short Blades
   278 | D:1      | Reached XP level 3. HP: 19/21 MP: 3/3
   736 | D:1      | Reached skill level 5 in Short Blades
  1017 | D:2      | Reached XP level 4. HP: 26/26 MP: 4/4
  1096 | D:2      | Found a faded altar of an unknown god.
  1137 | D:2      | Found a basalt altar of Yredelemnul.
  1326 | D:2      | Found Ysearr's Jewellery Shoppe.
  1399 | D:2      | Reached skill level 6 in Short Blades
  1992 | D:2      | Reached XP level 5. HP: 30/30 MP: 5/5
  2464 | D:3      | HP: 1/30 [jackal (3)]
  2469 | D:3      | HP: 1/30 [jackal (1)]
  2470 | D:3      | Slain by a howler monkey

Illustrated notes

Levels and vault maps discovered:
D:1:      scummos_arrival_gate, layout_basic
D:2:      minmay_razor_zed, layout_basic, serial_corexii_hall,
          corexii_hall_statues_x, corexii_hall_statues_l, basic_altar,
          hellmonk_ecumenical_altar_leap_of_faith, serial_shops, shop,
          nrook_campfire
D:3:      lemuel_castle_with_subvaults [lemuel_castle_interior_original],
          layout_loops_ring, uniq_natasha

Skill      XL: |  1  2  3  4 |
---------------+-------------+-----
Short Blades   | 3 4 5 6 |  6.9
Fighting       | |  2.1
Throwing       | |  2.1
Dodging        | |  1.2
Stealth        | |  5.3

Action                   |  1- 3 |  4- 6 || total
-------------------------+-------+-------++-------
Melee: Dagger            |    55 |   100 ||   155
 Stab: Sleeping          |    17 |    25 ||    42
       Distracted        |     1 |       ||     1
Armor: Robe              |     3 |       ||     3
       Ring mail         |     5 |    35 ||    40
Dodge: Dodged            |    26 |    74 ||   100

Table legend: (Time is in decaauts)
 A = Elapsed time spent in this place.
 B = Non-inter-level travel time spent in this place.
 C = Inter-level travel time spent in this place.
 D = Time resting spent in this place.
 E = Time spent auto-exploring this place.
 F = Levels seen in this place.
 G = Mean time per level.
                   A        B        C        D        E       F      G
               +--------+--------+--------+--------+--------+-----+--------+
         Total |   2426 |   2353 |     73 |     54 |   1812 |   3 |  808.7 |
       Dungeon |   2426 |   2353 |     73 |     54 |   1812 |   3 |  808.7 |
               +--------+--------+--------+--------+--------+-----+--------+

Top non-repeatable levels by time:
     D:2: 1235 daAuts
     D:1: 903 daAuts
     D:3: 287 daAuts
